 Dungeon Crawl Stone Soup version 0.30.1-11-g7821555f0a (webtiles) character file.

Game seed: 103277376675401534

104 KittyFluff the Cudgeller (level 4, -6/42 HPs)
             Began as a Gargoyle Berserker on Nov 10, 2023.
             Was a Believer of Trog.
             Killed from afar by an orc wizard (8 damage)
             ... with a puff of flame
             ... on level 3 of the Dungeon.
             The game lasted 00:10:03 (2591 turns).

KittyFluff the Cudgeller (Gargoyle Berserker)       Turns: 2591, Time: 00:10:04

Health: -6/42      AC:  8    Str: 22    XL:     4   Next: 80%
Magic:  4/4        EV: 12    Int:  8    God:    Trog [**....]
Gold:   113        SH:  0    Dex:  9    Spells: 3/3 levels left

rFire   . . .        a - +0 mace
rCold   . . .        (no shield)
rNeg    + . .        b - +0 animal skin
rPois   ∞            (no helmet)
rElec   +            (no cloak)
rCorr   .            d - +0 pair of gloves
SInv    .            o - +0 pair of boots
Will    .....        (no amulet) Stlth
                     (no ring)
HPRegen 0.27/turn    (no ring)
MPRegen 0.09/turn

%: no passive effects
@: confused, berserking, very quick
A: sickness immunity, AC +3, negative energy resistance 1, electricity
resistance, torment resistance 1, petrification resistance
a: Renounce Religion, Berserk, Trog's Hand


You were on level 3 of the Dungeon.
You worshipped Trog.
Trog was pleased with you.
You visited 1 branch of the dungeon, and saw 3 of its levels.

You collected 113 gold pieces.

Inventory:

Hand Weapons
 a - a +0 mace (weapon)
 m - a +0 lajatang
Armour
 b - a +0 animal skin (worn)
 d - a +0 pair of gloves (worn)
 o - a +0 pair of boots (worn)
Scrolls
 e - a scroll of teleportation {unknown}
 h - a scroll of brand weapon {unknown}
 j - a scroll of immolation {unknown}
 k - 3 scrolls of identify {unknown}
 l - a scroll of magic mapping {unknown}
 n - a scroll of noise {unknown}
Potions
 c - 3 potions of curing {unknown}
 f - 2 potions of haste {unknown}
 g - a potion of resistance {unknown}
 i - a potion of attraction {unknown}
 p - a potion of magic {unknown}


   Skills:
 + Level 3.6 Fighting
 * Level 3.8 Maces & Flails
 + Level 0.3(2.3) Staves
 * Level 3.4 Armour
 + Level 2.0 Dodging
 + Level 1.4 Stealth


You had 3 spell levels left.
You didn't know any spells.
Your spell library was empty.

Dungeon Overview and Level Annotations

Branches:
Dungeon (3/15)

Altars:


Innate Abilities, Weirdness & Mutations

You are immune to sickness and miasma.
Your stone body is resilient. (AC +3)
You are immune to poison.
You resist negative energy. (rN+)
You are resistant to electric shocks. (rElec)
You are resistant to unholy torment.
You are immune to petrification.


Message History

The kobold hits you but does no damage. The orc priest closely misses you.
You hit the kobold.
You kill the kobold!
Trog accepts your kill.
The orc priest hits you but does no damage.
The orc priest mumbles some strange prayers to Beogh against you.
Beogh smites you!
* * * LOW HITPOINT WARNING * * *
Things that are here:
a +0 short sword; 2 stones The orc wizard gestures wildly while chanting.
The orc wizard flickers and vanishes!
Deactivating autopickup; reactivate with Ctrl-A.
The orc priest looks satisfied for a moment.
Items here: $ ( ) ? [ †.
You closely miss the orc priest.
The orc priest is almost dead.
An orc comes into view. It is wielding a +0 trident.
The orc priest closely misses you.
You hit the orc priest.
The orc priest is almost dead.
The orc priest hits you with a +0 mace.
* * * LOW HITPOINT WARNING * * *
Something hits you.
* * * LOW HITPOINT WARNING * * *
A red film seems to cover your vision as you go berserk!
You feel yourself moving faster!
You feel mighty! The orc priest hits you with a +0 mace.
* * * LOW HITPOINT WARNING * * *
Something hits you but does no damage.
You barely miss the orc priest.
The orc priest is almost dead.
You hear some strange, mumbled words.
You are confused.
The orc barely misses you.
The orc priest hits you but does no damage.
You hear some strange, mumbled words.
A puff of flame appears from out of thin air!
The puff of flame hits you!
You die...

.....#.# .#.#.#.#
... ..# .#.#.#.# ...
..#
.#.#.#.###.#..###..#
.#.........# ......#
# .#.#.#.###..
.....#.# .###.#.#
..... .......# #o.#
####.#.# #@{#
#.#.#########)o#
#.#..........).#
#.############.# ###
##


You could see an orc priest and an orc.

Vanquished Creatures
  3 adders
  A worm (D:2)
  2 dart slugs (D:2)
  8 orcs (D:3)
  2 bats
  2 endoplasms
  3 giant cockroaches
  4 goblins (D:2)
  6 hobgoblins
  7 jackals (D:1)
  9 kobolds
  A quokka (D:1)
  2 ball pythons (D:1)
  2 frilled lizards (D:2)
  4 rats
56 creatures vanquished.

Notes
Turn   | Place    | Note
-------+----------+-------------------------------------------
     0 | D:1      | KittyFluff the Gargoyle Berserker began the quest for the
                  | Orb.
     0 | D:1      | Reached XP level 1. HP: 14/14 MP: 1/1
   367 | D:1      | Reached XP level 2. HP: 14/19 MP: 2/2
   384 | D:1      | Found a faded altar of an unknown god.
   861 | D:1      | Reached XP level 3. HP: 23/23 MP: 3/3
  1197 | D:2      | Reached ** piety under Trog
  1402 | D:2      | Reached skill level 1 in Stealth
  1744 | D:2      | Reached XP level 4. HP: 27/28 MP: 4/4
  2589 | D:3      | HP: 2/42 [orc priest/+0 mace (6)]
  2591 | D:3      | Killed from afar by an orc wizard

Illustrated notes

Levels and vault maps discovered:
D:1:      dpeg_arrival_water_fire, layout_loops_corners,
          hellmonk_ecumenical_altar_dog_temple, nicolae_titane
D:2:      layout_basic, nicolae_concentric_dashed_squares_wild,
          minmay_misc_feat_doors, grunt_ministairs_7
D:3:      layout_basic, kennysheep_minor_cross, serial_bayou_crossing

Skill      XL: |  1  2  3  4 |
---------------+-------------+-----
Armour         | 3 |  3.4
Stealth        | 1 |  1.4
Dodging        | 2 |  2.0
Fighting       | |  3.6
Maces & Flails | |  3.8
Staves         | |  0.3

Action                     |  1- 3 |  4- 6 || total
---------------------------+-------+-------++-------
  Melee: Mace              |   134 |    58 ||   192
         Punch             |     2 |     2 ||     4
 Invoke: Berserk           |       |     1 ||     1
 Armour: Animal skin       |    63 |    35 ||    98
  Dodge: Dodged            |    94 |    44 ||   138
